Mandevil, chaotic male elven Wizard @ A V@ ----- A@ @ A |..@ A L --- --'A--------- @ @ A ...-- --PAA|.......| @A D & ......---%%A.|..%....| @ @ A @ @A T ..t.......%$AA-&..@@..| AA@ D A & @ @@@@ @ v..)...%.---..Aq|%.%%...| @ A .......-- --@D%|...A...| @ ---$---- --.A--------- @@ @ @A -------...| |... |.........| ----- A @A A -...------- -....| ..--- . Mandevil the Enchanter Experience level: 15 Strength: 18 Dexterity: 18 Constitution: 16 Intelligence: 20 Wisdom: 20 Charisma: 18 Health: 178(281) Energy: 91(210) Def: 48 Gold: 0 Moves: 35920 Dungeon seed: P6NBHHdZP9LUavGo Game ID: Mandevil_1465577041 Your Inventory: Amulets b - an uncursed amulet of life saving T - the blessed Eye of the Aethiopica (being worn) Weapons a - the blessed rustproof +7 Magicbane (weapon in hand) f - a blessed +6 silver dagger Armor s - a blessed thoroughly burnt +2 pair of leather gloves (being worn) z - a blessed fireproof +6 elven leather helm (being worn) A - a blessed +5 silver dragon scale mail (being worn) E - a blessed thoroughly burnt +5 pair of speed boots (being worn) Z - a blessed burnt +4 cloak of magic resistance (being worn) Comestibles B - 2 uncursed K-rations C - an uncursed lizard corpse Spellbooks J - the uncursed Book of the Dead Potions q - a blessed diluted potion of full healing Rings d - a blessed ring of conflict (on left hand) r - a blessed ring of regeneration (on right hand) D - a blessed +2 ring of increase accuracy L - a blessed ring of levitation Y - a blessed +3 ring of increase damage Tools c - an uncursed oil lamp (lit) (0:83) h - a blessed bag of holding k - an uncursed skeleton key w - an uncursed tin whistle x - the uncursed Candelabrum of Invocation (7 candles attached) (0:194) y - a blessed +0 unicorn horn M - a blessed magic marker (0:12) R - a blessed towel W - the Bell of Opening (0:1) Gems U - a blessed luckstone Contents of the bag of holding: 3164 gold pieces an uncursed amulet of life saving a blessed +0 oilskin cloak an uncursed -1 pair of levitation boots an uncursed +0 pair of water walking boots 13 uncursed C-rations 12 uncursed K-rations an uncursed sprig of wolfsbane a blessed tin of nurse meat 6 blessed scrolls of blank paper 13 uncursed scrolls of blank paper 2 blessed scrolls of charging 3 cursed scrolls of confuse monster a blessed scroll of gold detection an uncursed scroll of gold detection 2 blessed scrolls of remove curse 2 uncursed scrolls of remove curse 2 uncursed scrolls of scare monster 6 cursed scrolls of teleportation 6 blessed diluted potions of full healing 13 potions of holy water 2 cursed potions of paralysis an uncursed ring of polymorph control an uncursed ring of protection from shape changers an uncursed ring of teleport control a wand of cold (0:6) a wand of cold (0:5) a cursed wand of cold (0:5) a cursed wand of cold (0:5) a wand of create monster (0:0) a wand of digging (0:8) a wand of digging (0:8) a wand of digging (0:7) a wand of digging (0:7) a wand of digging (0:7) a wand of digging (0:6) a wand of digging (0:5) a wand of digging (0:5) a cursed wand of digging (0:4) a wand of digging (0:3) a wand of digging (0:0) a wand of enlightenment (0:12) a wand of fire (0:8) a wand of fire (0:3) a wand of lightning (0:7) a wand of lightning (0:2) a wand of opening (0:7) a wand of polymorph (0:7) a wand of polymorph (0:0) a wand of probing (0:3) a wand of sleep (0:7) a wand of striking (0:5) a wand of striking (0:4) a wand of striking (0:3) a wand of teleportation (0:8) a wand of teleportation (0:7) a wand of teleportation (0:7) a wand of teleportation (0:5) a wand of teleportation (0:4) a cursed wand of teleportation (0:3) a wand of wishing (0:2) an expensive camera (0:97) an expensive camera (0:88) a +0 pick-axe a blessed tallow candle (0:200) a tinning kit (0:70) a +0 unicorn horn a +0 unicorn horn a +0 unicorn horn 7 uncursed amethyst stones 2 uncursed aquamarine stones an uncursed chrysoberyl stone an uncursed diamond a cursed diamond 4 uncursed emeralds an uncursed garnet stone 2 uncursed jade stones an uncursed ruby an uncursed topaz stone Spells and supernatural/magical abilities: Name Level Category Fail Memory a - force bolt 1 attack 0% 44% c - cause fear 3* enchantment 0% 0% d - dig 5* matter 94% 0% e - charm monster 3 enchantment 0% 34% f - fireball 4 attack 0% 3% h - healing 1 healing 0% 50% j - jumping 1 escape 0% 23% l - light 1 divination 0% 90% m - magic missile 2 attack 0% 13% n - detect monsters 1 divination 0% 90% p - protection 1 clerical 0% 49% s - slow monster 2 enchantment 0% 62% u - confuse monster 2* enchantment 0% 0% w - wizard lock 2* matter 0% 0% x - extra healing 3 healing 39% 79% z - sleep 1* enchantment 0% 0% A - create familiar 3* clerical 39% 0% B - cure blindness 2* healing 0% 0% D - drain life 2 attack 0% 47% F - finger of death 7 attack 0% 8% G - detect treasure 4 divination 0% 79% H - haste self 3 escape 39% 79% I - identify 3 divination 0% 10% K - cure sickness 3 healing 39% 79% L - levitation 4 escape 71% 72% M - magic mapping 5 divination 0% 55% O - create monster 2* clerical 0% 0% S - stone to flesh 3* healing 39% 0% U - detect unseen 3* divination 0% 0% V - teleportitis -- ability ? -- W - pray for help -- divine ? -- Your skills at the end: Fighting Skills wands [Basic] Weapon Skills dagger [Expert] quarterstaff [Skilled] Spellcasting Skills attack spells [Expert] divination spells [Skilled] enchantment spells [Basic] Final Attributes: You were the Glory of Arioch. You were piously aligned. You were fire resistant. You were cold resistant. You were sleep resistant. You were shock resistant. You were poison resistant. You were magic-protected. You saw invisible. You were telepathic. You were warned. You had infravision. You were sensing the presence of monsters. You caused conflict. You could teleport. You had teleport control. You regenerated. You were protected. You were very fast. You had reflection. You were extremely lucky. You had extra luck. Good luck did not time out for you. You survived. Vanquished creatures: Orcus Yeenoghu Juiblex The Wizard of Yendor (6 times) 2 high priests 4 mastodons Medusa (twice 13 krakens an iron golem 8 master liches a ki-rin 3 storm giants a titan 2 glass golems 5 balrogs 4 purple worms 2 white dragons a black dragon 4 blue dragons 4 green dragons 3 yellow dragons 17 minotaurs 2 jabberwocks The Dark One 4 baluchitheria 2 Angels 10 demiliches Vlad the Impaler 3 stone golems 2 master mind flayers 10 Olog-hai a Nazgul 7 pit fiends a sandestin 5 hell hounds 4 titanotheres 9 trappers a baby red dragon a baby blue dragon a disenchanter 28 vampire lords 6 shades 5 skeletons a shopkeeper 12 aligned priests 6 captains 5 liches 2 water trolls 2 clay golems 6 nurses 4 ice devils 6 nalfeshnees 3 lurkers above 6 ettins 10 black puddings 32 vampires 39 ghosts 8 lieutenants a cavewoman a queen bee 5 winged gargoyles 3 mind flayers 10 giant mimics 8 zruties a fire giant 4 ogre kings 10 rock trolls 11 umber hulks 2 flesh golems an Elvenking 5 doppelgangers 9 hezrous 11 bone devils 9 large mimics 5 fire vortices a baby purple worm 9 long worms 12 stalkers 11 air elementals 9 fire elementals 3 earth elementals 5 water elementals 10 hill giants 5 giant mummies 2 black nagas 6 xorns 14 giant zombies 7 elf-lords 18 sergeants 2 water demons 3 barbed devils 15 vrocks 2 salamanders 10 wargs 4 winter wolves 7 hell hound pups 19 small mimics 4 glass piercers 4 warhorses 14 steam vortices 7 xans 3 ettin mummies 7 ogre lords 18 quantum mechanics 22 trolls a sasquatch 7 wood golems 2 erinyes 4 mariliths a djinni 8 sharks 8 electric eels 13 gelatinous cubes 4 pyrolisks 3 large dogs a freezing sphere 7 flaming spheres 15 shocking spheres 3 large cats 11 tigers 7 gargoyles a dwarf king 14 tengu 8 ochre jellies 8 leocrottas 4 energy vortices 6 mountain centaurs 4 stone giants 5 elf mummies 6 human mummies 5 red nagas 6 green slimes 10 pit vipers 6 pythons 3 cobras 30 wraiths 6 carnivorous apes 18 ettin zombies 9 Grey-elves 69 soldiers 4 horned devils 3 succubi an incubus 4 chameleons 4 crocodiles 7 giant beetles 5 quivering blobs 18 cockatrices 16 wolves 5 winter wolf cubs 4 lynxes 4 panthers 8 gremlins 6 spotted jellies 51 leprechauns 2 orc-captains 5 mumakil 11 giant spiders 12 scorpions 6 horses an ice vortex 5 black lights 54 vampire bats 5 forest centaurs 7 gnome kings 6 orc mummies 3 dwarf mummies an ogre 2 brown puddings 14 rust monsters 14 owlbears 6 yetis 4 gold golems a werewolf 10 Green-elves 4 piranhas 17 giant eels 12 lizards 3 apprentices a dog 5 dingos 5 housecats 5 jaguars 6 dwarf lords 4 blue jellies 4 white unicorns 3 gray unicorns 2 black unicorns 6 dust vortices 15 ravens 4 plains centaurs 6 gnome mummies 6 snakes 2 water moccasins 27 apes 18 human zombies 3 rope golems 12 Woodland-elves 13 soldier ants 12 fire ants 17 bugbears 3 imps 11 lemures 5 quasits 8 wood nymphs 4 water nymphs 7 mountain nymphs 3 Mordor orcs 15 Uruk-hai 2 orc shamans 5 rock piercers 2 rock moles 2 ponies 6 fog clouds 5 yellow lights 3 shriekers 5 violet fungi 12 gnome lords 12 gnomish wizards 2 Kop Lieutenants 2 kobold mummies a red naga hatchling a black naga hatchling 2 golden naga hatchlings 2 guardian naga hatchlings 4 gray oozes 7 barrow wights 17 elf zombies 9 ghouls 6 straw golems 3 paper golems 9 jellyfish a baby crocodile 19 giant ants 2 little dogs 11 floating eyes 2 kittens 19 dwarves 9 homunculi 5 kobold lords 5 kobold shamans 16 hill orcs 2 rothes 4 rabid rats 3 centipedes 6 giant bats 8 Kop Sergeants a monkey 17 orc zombies 18 dwarf zombies 3 wererats 7 iguanas 19 killer bees 3 acid blobs 4 coyotes 8 gas spores 13 hobbits 11 manes 3 large kobolds 12 hobgoblins 3 giant rats 9 cave spiders 2 brown molds 5 yellow molds 3 green molds 5 red molds 62 gnomes 14 Keystone Kops 27 garter snakes 19 gnome zombies 9 geckos 8 jackals 4 foxes 11 kobolds 13 goblins 2 sewer rats 11 grid bugs 7 bats 10 lichens 19 kobold zombies 7 newts 2171 creatures vanquished. Genocided or extinct species: hobbits bugbears dwarf lords dwarf kings mind flayers master mind flayers goblins hobgoblins hill orcs Mordor orcs Uruk-hai orc shamans orc-captains baluchitheria arch-liches erinyes (extinct) jellyfish piranhas sharks giant eels electric eels krakens 21 species genocided. 1 species extinct. Voluntary challenges: You had been an atheist until turn 5991. You used a wielded weapon 2933 times, starting on turn 158. You read items or engraved 396 times, starting on turn 1862. You genocided 21 types of monsters, starting on turn 11480. You polymorphed 14 items, starting on turn 8382. You never changed form. You used 1 wish, starting on turn 13953. You did not wish for any artifacts. You split 5 puddings, starting on turn 27519. You wrote Elbereth's name 36 times, starting on turn 1862. You violated your moral code, losing 599 points of alignment, starting on turn 1474. Dungeon overview: The Dungeons of Doom: levels 1 to 25 Level 1 stairs to The Elemental Planes Level 2 a potion shop, a fountain Level 3 a fountain Level 4 an armor shop stairs to The Gnomish Mines Level 5 a fountain Level 6 many fountains Level 7 stairs to Sokoban Level 8 a fountain Level 9 (STASH(spare BoH)) a hardware shop, a fountain Level 10 Level 11 an altar to Anhur, a sink Level 12 a sink Level 13 (QUEST) portal to The Quest Level 14 a general store Level 15 Level 16 a potion shop Level 17 Level 18 Level 19 a temple to Ptah, a fountain Level 20 some fountains Level 21 an altar to Anhur Level 22 a sink Level 23 Level 24 an altar to Anhur Level 25 Gehennom: levels 26 to 48 Level 26 a temple to Moloch stairs to The Dungeons of Doom Level 27 Level 28 Level 29 some fountains Level 30 Level 31 Level 32 Level 33 Level 34 Level 35 some shops, an altar to Moloch stairs to Vlad's Tower Level 36 (Below Orcus) Level 37 (WizTower top) Level 38 Level 39 Level 40 Level 41 Level 42 Level 43 Level 44 (FakeTower w/Portal) portal to Gehennom Level 45 Level 46 Level 47 (VS) Level 48 The Gnomish Mines: levels 5 to 13 Level 5 stairs to The Dungeons of Doom Level 6 Level 7 Level 8 some shops, a temple to Anhur, some fountains Level 9 Level 10 Level 11 Level 12 Level 13 some fountains The Quest: levels 1 to 6 Level 1 portal to The Dungeons of Doom Level 2 Level 3 Level 4 Level 5 Level 6 a temple to Ptah Sokoban: levels 3 to 6 Level 3 Level 4 Level 5 Level 6 stairs to The Dungeons of Doom Vlad's Tower: levels 32 to 34 Level 32 Level 33 Level 34 stairs to Gehennom The Elemental Planes: Astral Plane <- You were here a high altar Plane 4 portal to The Elemental Planes Plane 3 portal to The Elemental Planes Plane 2 portal to The Elemental Planes Plane 1 portal to The Elemental Planes History has recorded: On T:1 you entered the Dungeons of Doom to retrieve the Amulet of Yendor! On T:393 you reached level 2 of The Dungeons of Doom. On T:709 you reached level 3 of The Dungeons of Doom. On T:728 you advanced to experience level 2. On T:864 you reached level 4 of The Dungeons of Doom. On T:879 you reached level 1 of The Gnomish Mines. On T:1023 you advanced to experience level 3. On T:1024 you advanced to experience level 4. On T:1156 you reached level 5 of The Dungeons of Doom. On T:1408 you reached level 6 of The Dungeons of Doom. On T:1532 you advanced to experience level 5. On T:1696 you reached level 7 of The Dungeons of Doom. On T:1771 you advanced to experience level 6. On T:1844 you reached level 4 of Sokoban. On T:2326 you reached level 3 of Sokoban. On T:2801 you reached level 2 of Sokoban. On T:3042 you advanced to experience level 7. On T:3147 you reached level 1 of Sokoban. On T:5324 you reached level 2 of The Gnomish Mines. On T:5663 you reached level 3 of The Gnomish Mines. On T:5887 you reached level 4 of The Gnomish Mines. On T:6776 you advanced to experience level 8. On T:6824 you reached level 5 of The Gnomish Mines. On T:7372 you received Magicbane from Anhur. On T:7890 you reached level 6 of The Gnomish Mines. On T:8117 you reached level 7 of The Gnomish Mines. On T:8126 you advanced to experience level 9. On T:8521 you reached level 8 of The Gnomish Mines. On T:8931 you reached level 9 of The Gnomish Mines. On T:11092 you advanced to experience level 10. On T:11637 you reached level 8 of The Dungeons of Doom. On T:11895 you reached level 9 of The Dungeons of Doom. On T:12160 you reached level 10 of The Dungeons of Doom. On T:12881 you reached level 11 of The Dungeons of Doom. On T:13867 you reached level 12 of The Dungeons of Doom. On T:13953 you wished for "blessed fixed +2 silver dragon scale mail". On T:14069 you reached level 13 of The Dungeons of Doom. On T:14210 you advanced to experience level 11. On T:14803 you reached level 14 of The Dungeons of Doom. On T:15024 you reached level 15 of The Dungeons of Doom. On T:15185 you reached level 16 of The Dungeons of Doom. On T:15353 you reached level 17 of The Dungeons of Doom. On T:15567 you reached level 18 of The Dungeons of Doom. On T:15768 you reached level 19 of The Dungeons of Doom. On T:16036 you reached level 20 of The Dungeons of Doom. On T:16779 you reached level 21 of The Dungeons of Doom. On T:17105 you reached level 22 of The Dungeons of Doom. On T:17276 you received Trollsbane from Anhur. On T:17293 you were chosen to steal souls for your god's glory! On T:17700 you reached level 23 of The Dungeons of Doom. On T:19487 you advanced to experience level 12. On T:20289 you killed Medusa on level 23 of The Dungeons of Doom. On T:20333 you reached level 24 of The Dungeons of Doom. On T:21064 you reached The Castle. On T:21872 you advanced to experience level 13. On T:22605 you advanced to experience level 14. On T:23017 you reached level 1 of The Quest. On T:23109 you embarked upon an epic quest. On T:23186 you reached level 2 of The Quest. On T:23265 you reached level 3 of The Quest. On T:23510 you reached level 4 of The Quest. On T:23553 you reached level 5 of The Quest. On T:23567 you reached level 6 of The Quest. On T:23759 you killed Dark One on level 6 of The Quest. On T:23825 you completed the quest! On T:24133 you killed Medusa on level 23 of The Dungeons of Doom. On T:24399 you reached The Valley of the Dead. On T:26362 you reached level 2 of Gehennom. On T:27018 you reached level 3 of Gehennom. On T:27504 you reached level 4 of Gehennom. On T:27565 you killed Juiblex on level 4 of Gehennom. On T:27636 you reached level 5 of Gehennom. On T:27715 you reached level 6 of Gehennom. On T:27873 you reached level 7 of Gehennom. On T:27938 you reached level 8 of Gehennom. On T:27958 you reached level 9 of Gehennom. On T:28019 you reached level 10 of Gehennom. On T:28031 you reached level 3 of Vlad's Tower. On T:28071 you reached level 2 of Vlad's Tower. On T:28087 you reached level 1 of Vlad's Tower. On T:28092 you killed Vlad the Impaler on level 1 of Vlad's Tower. On T:28400 you reached level 11 of Gehennom. On T:28442 you reached level 12 of Gehennom. On T:28503 you reached level 13 of Gehennom. On T:28808 you reached level 14 of Gehennom. On T:28925 you reached level 15 of Gehennom. On T:28966 you reached level 16 of Gehennom. On T:29038 you reached level 17 of Gehennom. On T:29058 you reached level 18 of Gehennom. On T:29307 you reached level 19 of Gehennom. On T:29349 you advanced to experience level 15. On T:29426 you reached level 20 of Gehennom. On T:29447 you reached level 21 of Gehennom. On T:29459 you reached level 22 of Gehennom. On T:30988 you killed Orcus on level 8 of Gehennom. On T:33972 you killed Wizard of Yendor on level 12 of Gehennom. On T:33972 you killed Wizard of Yendor on level 12 of Gehennom. On T:34006 you performed the invocation. On T:34008 you reached level 23 of Gehennom. On T:34059 you killed high priest of Moloch on level 23 of Gehennom. On T:34087 you killed Yeenoghu on level 22 of Gehennom. On T:34092 you gained the Amulet of Yendor! On T:34245 you killed Wizard of Yendor on level 16 of Gehennom. On T:34247 you killed Wizard of Yendor on level 16 of Gehennom. On T:35608 you reached the Plane of Earth. On T:35608 you killed Wizard of Yendor on the Plane of Earth. On T:35609 you killed Wizard of Yendor on the Plane of Earth. On T:35656 you reached the Plane of Air. On T:35721 you reached the Plane of Fire. On T:35774 you reached the Plane of Water. On T:35852 you reached the Astral Plane. On T:35916 you killed high priest of Anhur on the Astral Plane. On T:35920 you lost the Amulet of Yendor. On T:35920 you offered the Amulet of Yendor to Anhur and ascended to the status of Demigod! Score breakdown: Gold: 3164 (11907 points) Experience: 15 levels (20844 points) Exploration: 48 levels (100.00%) (30000 points) Discoveries: 161 items ( 57.50%) (22748 points) Valuables value: 31900 (15320 points) Artifact value: 27500 (15101 points) Variety of kills: 281 monsters ( 73.37%) (25696 points) Turncount: 35920 turns (-4267 points) Survival: ascended (score multiplied by 200%) Total score: 274698 Latest messages: The bolt of lightning hits you! The bolt of lightning is disrupted by your armor! Michael the invisible Student of Waters is caught in the ball of lightning! You are caught in the ball of lightning! Your wand of cancellation breaks apart and explodes! You aren't hurt! Your wand of death breaks apart and explodes! You aren't hurt! Your wand of light breaks apart and explodes! You aren't hurt! Your wand of secret door detection breaks apart and explodes! You aren't hurt! Michael the invisible Student of Waters puts on an amulet of life saving. Michael the invisible Student of Waters hits! Michael the invisible Student of Waters kicks! You offer the Amulet of Yendor to Anhur... An invisible choir sings, and you are bathed in radiance... The voice of Anhur booms: "Congratulations, mortal!" "In return for thy service, I grant thee the gift of Immortality!" You ascend to the status of Demigod... Final status: Goodbye Mandevil the Demigod, ascended... You went to your reward with 274698 points, Magicbane (worth 3500 zorkmids) The Candelabrum of Invocation (worth 5000 zorkmids) The Book of the Dead (worth 10000 zorkmids) The Eye of the Aethiopica (worth 4000 zorkmids) The Bell of Opening (worth 5000 zorkmids) 7 amethyst stones (worth 4200 zorkmids), 4 emeralds (worth 10000 zorkmids), 2 diamonds (worth 8000 zorkmids), 2 aquamarine stones (worth 3000 zorkmids), 2 jade stones (worth 600 zorkmids), 1 ruby (worth 3500 zorkmids), 1 topaz stone (worth 900 zorkmids), 1 chrysoberyl stone (worth 700 zorkmids), 1 garnet stone (worth 700 zorkmids), 2 amulets of life saving (worth 300 zorkmids), and 3164 pieces of gold, after 35920 moves. You were level 15 with a maximum of 281 hit points when you ascended.